 Dungeon Crawl Stone Soup version 0.31-a0-1576-ga3383bade6 (webtiles) character file.

Game seed: 5306159321258314158

921 NotreDorf the Grave Robber (level 7, 0/50 HPs)
             Began as a Mummy Necromancer on Jan 4, 2024.
             Was a Follower of Vehumet.
             Slain by Jeremiah
             ... wielding a +3 trident of draining
              (6 damage)
             ... on level 6 of the Dungeon.
             The game lasted 00:18:25 (4749 turns).

NotreDorf the Grave Robber (Mummy Necromancer)      Turns: 4749, Time: 00:18:26

Health: 0/50       AC:  2    Str: 11    XL:     7   Next: 84%
Magic:  13/15      EV: 13    Int: 16    God:    Vehumet [*.....]
Gold:   193        SH:  0    Dex: 13    Spells: 1/16 levels left

rFire   x . .        o - +10 spear "Faasad" {flame, rC+}
rCold   + + .        (no shield)
rNeg    + + +        a - +0 robe
rPois   ∞            j - +0 helmet
rElec   .            i - +2 cloak
rCorr   .            (no gloves)
SInv    .            (no boots)
Will    .....        (no amulet)
Stlth   ++           (no ring)
HPRegen 0.28/turn    (no ring)
MPRegen 0.14/turn

%: faith
@: corroded
A: cold resistance 1, negative energy resistance 3, torment resistance 2, heat
vulnerability 1, in touch with death 1, no potions, faith
a: Renounce Religion


You were on level 6 of the Dungeon.
You worshipped Vehumet.
Vehumet was aware of your devotion.
You visited 1 branch of the dungeon, and saw 6 of its levels.

You collected 193 gold pieces.

Inventory:

Hand Weapons
 o - the +10 spear "Faasad" (weapon) {flame, rC+}
   (You found it on level 3 of the Dungeon)

   rC+:       It protects you from cold.
Armour
 a - a +0 robe (worn)
 i - a +2 cloak (worn)
 j - a +0 helmet (worn)
Magical Staves
 l - a staff of air
Jewellery
 b - a ring of wizardry
 p - a ring of protection from cold
Wands
 s - a wand of paralysis (9)
Scrolls
 c - a scroll of amnesia {unknown}
 d - 3 scrolls of blinking {unknown}
 e - a scroll of poison {unknown}
 f - a scroll of vulnerability {unknown}
 g - a scroll of enchant armour {unknown}
 h - 6 scrolls of identify {unknown}
 k - a scroll of immolation {unknown}
 m - a scroll of fog {unknown}
 n - 2 scrolls of teleportation {unknown}
 q - a scroll of noise {unknown}
 r - a scroll of brand weapon {unknown}


   Skills:
 + Level 2.0 Fighting
 + Level 1.6 Polearms
 + Level 3.6 Dodging
 - Level 1.5 Stealth
 + Level 5.4 Spellcasting
 + Level 2.3 Conjurations
 + Level 5.6 Necromancy
 + Level 2.5 Earth Magic


You had one spell level left.
You knew the following spells:

 Your Spells              Type           Power      Damage    Failure   Level
a - Necrotise             Necr           100%       1d9       1%          1
b - Vampiric Draining     Necr           33%        2d8       4%          3
c - Stone Arrow           Conj/Erth      24%        3d8       16%         3
d - Fugue of the Fallen   Necr           33%        N/A       4%          3
e - Passwall              Erth           12%        N/A       16%         3
f - Blink                 Tloc           8%         N/A       22%         2

Your spell library contained the following spells:

 Spells                   Type           Power      Damage    Failure   Level
 Sandblast                Erth           24%        2d8       5%          1
 Momentum Strike          Conj/Tloc      16%        3d8       14%         2
 Animate Dead             Necr           33%        N/A       14%         4
 Ensorcelled Hibernation  Hex/Ice        8%         N/A       22%         2
 Lesser Beckoning         Tloc           8%         N/A       22%         2
 Curse of Agony           Necr           33%        N/A       38%         5
 Ozocubu's Armour         Ice            4%         N/A       41%         3
 Swiftness                Air            4%         N/A       41%         3
 Animate Armour           Summ/Erth      16%        N/A       65%         4
 Manifold Assault         Tloc           4%         N/A       82%         4
 Lehudib's Crystal Spear  Conj/Erth      6%         10d3      100%        8


Dungeon Overview and Level Annotations

Branches:
Dungeon (6/15)
 Temple: D:4-7

Altars:
Dithmenos
Okawaru
Trog
Vehumet

Annotations:
D:6 Jeremiah


Innate Abilities, Weirdness & Mutations

You are immune to poison.
Your flesh is cold resistant. (rC+)
You are immune to negative energy. (rN+++)
You are immune to unholy pain and torment.
You are vulnerable to heat. (rF-)
You are in touch with the powers of death.
You do not drink.
You have a special connection with the divine. (Faith)


Message History

The butterfly disappears in a burst of colours!
Jeremiah throws their arms up pleadingly.
Something smites you!
Found 2 fizzy coppery potions.
Jeremiah zaps a wand.
The bolt of acid hits the butterfly!
The acid corrodes the butterfly!
The butterfly dies!
The butterfly disappears in a burst of colours!
The bolt of acid hits you! The acid corrodes you!
An orc comes into view. It is wielding a +0 flail.
You hit the butterfly. You burn the butterfly.
You kill the butterfly!
The butterfly disappears in a burst of colours!
An orc wizard comes into view. It is wielding a +0 dagger.
An adder comes into view.
Found a scroll labelled ZIMEKL TYUTON.
Jeremiah barely misses you.
An orc priest comes into view. It is wielding a +0 hand axe.
The orc priest shouts!
You hit Jeremiah. You burn Jeremiah.
Jeremiah is lightly wounded.
The butterfly disappears in a burst of colours!
The orc priest mumbles some strange prayers to Beogh against you.
Beogh smites you!
Jeremiah lets out a twisted cry.
Something smites you!
* * * LOW HITPOINT WARNING * * *
You hit Jeremiah but do no damage.
Jeremiah is lightly wounded.
The butterfly disappears in a burst of colours!
The orc priest looks satisfied for a moment.
The orc wizard casts a spell.
The orc wizard flickers and vanishes!
Deactivating autopickup; reactivate with Ctrl-A.
Jeremiah hits you with a +3 trident of draining.
* * * LOW HITPOINT WARNING * * *
You puncture Jeremiah! You burn Jeremiah.
Jeremiah is moderately wounded.
The orc priest looks braver for a moment.
Jeremiah hits you with a +3 trident of draining.
You die...
Jeremiah says, "O terrible one, your will is done."

.# ..
###[###..#.#
##.....#.....
##..........#.
#........>....
#.....b...b...
#..<...b......
#..b..b..Sbb..
#.....@o.b...?
#....bbF......
##....bbb.....
##.....##...o
####### ###


You could see Jeremiah, an orc priest, an adder and an orc.

Vanquished Creatures
  Menkaure (D:5)
  Duvessa (D:4)
  Blork the orc (D:5)
  Dowan (D:4)
  A jelly (D:5)
  4 orc priests
  A sleepcap (D:4)
  Jessica (D:3)
  Terence (D:3)
  Natasha (D:3)
  An iguana (D:5)
  3 orc wizards
  Robin (D:3)
  A gnoll (D:6)
  4 adders
  2 white imps (D:5)
  2 dart slugs
  A ribbon worm (D:5)
  18 orcs
  4 endoplasms
  18 goblins
  8 hobgoblins
  11 jackals
  7 kobolds
  4 quokkas
  10 ball pythons
  8 bats
  2 frilled lizards
  4 rats
122 creatures vanquished.

Vanquished Creatures (collateral kills)
  2 ribbon worms
  An orc (D:5)
  3 goblins
  A jackal (D:2)
  A frilled lizard (D:1)
  A rat (D:2)
9 creatures vanquished.

Grand Total: 131 creatures vanquished

Notes
Turn   | Place    | Note
-------+----------+-------------------------------------------
     0 | D:1      | NotreDorf the Mummy Necromancer began the quest for the
                  | Orb.
     0 | D:1      | Reached XP level 1. HP: 13/13 MP: 4/4
   169 | D:1      | Reached XP level 2. HP: 6/19 MP: 1/6
   936 | D:2      | Reached XP level 3. HP: 24/24 MP: 4/7
  1651 | D:2      | Learned a level 3 spell: Vampiric Draining
  1655 | D:2      | Learned a level 3 spell: Stone Arrow
  1848 | D:3      | Found a faded altar of an unknown god.
  1897 | D:3      | Reached XP level 4. HP: 6/30 MP: 0/9
  2088 | D:3      | Learned a level 3 spell: Fugue of the Fallen
  2245 | D:3      | Noticed Terence
  2251 | D:3      | Killed Terence
  2436 | D:3      | Identified the +10 spear "Faasad" {flame, rC+}
  2449 | D:3      | Noticed Jessica
  2454 | D:3      | Killed Jessica
  2455 | D:3      | Reached XP level 5. HP: 35/35 MP: 7/11
  2590 | D:3      | Noticed Robin
  2594 | D:3      | Reached skill level 1 in Earth Magic
  2608 | D:3      | Killed Robin
  2609 | D:3      | Reached skill level 1 in Conjurations
  3069 | D:3      | Noticed Natasha
  3079 | D:3      | Killed Natasha
  3080 | D:3      | Reached skill level 5 in Necromancy
  3176 | D:4      | Reached XP level 6. HP: 31/41 MP: 10/12
  3233 | D:4      | Found a shadowy altar of Dithmenos.
  3380 | D:4      | Found an iron altar of Okawaru.
  3563 | D:4      | Found a bloodstained altar of Trog.
  3604 | D:4      | Found a radiant altar of Vehumet.
  3609 | D:4      | Became a worshipper of Vehumet
  3614 | D:4      | Learned a level 3 spell: Passwall
  3834 | D:4      | Noticed Dowan
  3835 | D:4      | Noticed Duvessa
  3843 | D:4      | Killed Duvessa
  3845 | D:4      | Killed Dowan
  3846 | D:4      | Reached skill level 1 in Fighting
  3846 | D:4      | Reached XP level 7. HP: 38/48 MP: 9/14
  3918 | D:4      | Learned a level 2 spell: Blink
  3932 | D:5      | Entered Level 5 of the Dungeon
  3946 | D:5      | Reached skill level 1 in Polearms
  4068 | D:5      | Reached skill level 5 in Spellcasting
  4136 | D:5      | Noticed Blork the orc
  4145 | D:5      | Killed Blork the orc
  4161 | D:5      | Reached * piety under Vehumet
  4161 | D:5      | Offered knowledge of Sandblast by Vehumet.
  4381 | D:5      | Noticed Menkaure
  4388 | D:5      | Killed Menkaure
  4739 | D:6      | Noticed Jeremiah
  4749 | D:6      | Slain by Jeremiah

Illustrated notes

Levels and vault maps discovered:
D:1:      wander_arrival_estate, layout_loops_ring
D:2:      layout_loops_ring, minmay_vboxes
D:3:      layout_basic, hellmonk_ecumenical_altar_run_dry,
          kennysheep_generic_room_4, uniq_jessica, uniq_robin, uniq_terence,
          uniq_natasha
D:4:      layout_basic, nicolae_dithmenos_the_darkroom,
          mainiacjoe_overflow_two_lobes, okawaru_ov_weapons_minmay, uniq_duvessa
D:5:      layout_basic, elyvilon_altar_4, uniq_blork_the_orc, uniq_menkaure
D:6:      layout_rooms, minmay_temple_entry_sparse_star, uniq_jeremiah

Skill      XL: |  1  2  3  4  5  6  7 |
---------------+----------------------+-----
Spellcasting   | 3 4 5 |  5.4
Dodging        | 2 3 |  3.6
Earth Magic    | 1 2 |  2.5
Conjurations   | 1 2 |  2.3
Necromancy     | 5 |  5.6
Fighting       | 1 2 |  2.0
Polearms       | 1 |  1.6
Stealth        | |  1.5

Action                     |  1- 3 |  4- 6 |  7- 9 || total
---------------------------+-------+-------+-------++-------
  Melee: Hand axe          |    51 |     3 |       ||    54
         Club              |     7 |       |       ||     7
         Spear             |       |    71 |    60 ||   131
   Cast: Necrotise         |    67 |    34 |    25 ||   126
         Fugue of the Fall |       |     2 |       ||     2
         Stone Arrow       |       |       |     1 ||     1
   Stab: Sleeping          |     2 |     6 |       ||     8
 Armour: Robe              |    47 |    34 |    31 ||   112
  Dodge: Dodged            |    59 |    33 |    22 ||   114

Table legend: (Time is in decaauts)
 A = Elapsed time spent in this place.
 B = Non-inter-level travel time spent in this place.
 C = Inter-level travel time spent in this place.
 D = Time resting spent in this place.
 E = Time spent auto-exploring this place.
 F = Levels seen in this place.
 G = Mean time per level.
                   A        B        C        D        E       F      G
               +--------+--------+--------+--------+--------+-----+--------+
         Total |   4774 |   4558 |    216 |    124 |   3553 |   6 |  795.7 |
       Dungeon |   4774 |   4558 |    216 |    124 |   3553 |   6 |  795.7 |
               +--------+--------+--------+--------+--------+-----+--------+

Top non-repeatable levels by time:
     D:3: 1416 daAuts
     D:2: 1073 daAuts
     D:5: 801 daAuts
     D:4: 769 daAuts
     D:1: 695 daAuts
     D:6: 18 daAuts
